Unix NetHack Version 5.0.0-0 post-release - last build Jun 10 2026 00:39:30 (3ee93aec679c4c4259841fe613dc97188e26a321,branch:main).

Game began 2026-06-16 12:19:25, ended 2026-06-16 20:53:53.

JPB01, chaotic female elven Wizard

                                                                           |
                                                                          .|
                                                                   ---    .|
                                                                   |..   ..|
                                                                   |..   ..|
                                                                     .. ...|
                                                               +   ---.-...|
                                                               |......f@...|
                                                               |...........|
                                                               -------------

JPB01 the Evoker          St:7 Dx:13 Co:15 In:20 Wi:11 Ch:9  Chaotic
Dlvl:1  $:0  HP:0(11) Pw:9(9) AC:9  Xp:1 T:2  Conf

Latest messages:
 Shall I pick character's race, role, gender and alignment for you? [ynaq] n
 [Anhur has chosen you to recover the Amulet of Yendor for Him.]
 Hello JPB01, welcome to NetHack!  You are a chaotic female elven Wizard.  Be careful!  New moon tonight.
 What do you want to drink? [fgh or ?*] ?
 Ooph!  This tastes like liquid fire!
 What do you want to read? [ijklm or ?*] ?
 Never mind.
 Really save? [yn] (n) y
 Saving...
 Restoring save file...
 Hello JPB01, the elven Wizard, welcome back to NetHack!
 Be careful!  New moon tonight.
 What do you want to read? [ijklm or ?*] ?
 As you read the scroll, it disappears.
 Being confused, you mispronounce the magic words...
 Wiped out all wizards.
 Do you want your possessions identified? [ynq] (y) q

Inventory:
 Weapons  (')')
  a - a blessed +1 quarterstaff (weapon in hands)
 Armor    ('[')
  b - an uncursed +0 cloak of magic resistance (being worn)
 Scrolls  ('?')
  k - an uncursed scroll of scare monster
  i - an uncursed scroll of taming
 Spellbooks  ('+')
  l - a blessed spellbook of force bolt
  m - an uncursed spellbook of light
 Potions  ('!')
  f - an uncursed potion of healing
  g - an uncursed potion of paralysis
 Rings    ('=')
  d - an uncursed +1 ring of protection
  e - an uncursed ring of slow digestion
 Wands    ('/')
  c - a wand of lightning (0:4)
 Tools    ('(')
  p - an uncursed wooden flute
  o - an uncursed blindfold
  n - a magic marker (0:20)

JPB01 the Wizard's attributes:

Background:
 You were an Evoker, a level 1 female elven Wizard.
 You were chaotic, on a mission for Anhur
 who was opposed by Ptah (lawful) and Thoth (neutral).
 You were right-handed.
 You were in the Dungeons of Doom, on level 1.
 You entered the dungeon 2 turns ago.
 There was a new moon in effect when your adventure ended.
 You had 0 experience points, 20 were needed to attain level 2.

Basics:
 You had 0 out of 11 hit points.
 You had all 9 energy points (spell power).
 Your armor class was 9.
 Your wallet was empty.
 Autopickup was off.

Final Characteristics:
 Your strength was 7 (limit:18).
 Your dexterity was 13 (limit:18).
 Your constitution was 15 (limit:16).
 Your intelligence was 20 (limit:20).
 Your wisdom was 11 (limit:20).
 Your charisma was 9 (limit:18).

Final Status:
 You were confused.
 You weren't hungry.
 You were unencumbered.
 You were wielding a quarterstaff.
 You had basic skill with quarterstaff.

Final Attributes:
 You were nominally aligned.
 You were magic-protected.
 You had infravision.
 You were warded.
 You are dead.

Miscellaneous:
 You disabled loading and storing of bones levels.
 Total elapsed playing time was 10 seconds.

Major events:
 Turn
    1: JPB01 the chaotic female elven Wizard entered the dungeon
    2: performed her first genocide (wizards)
    2: killed by genocidal confusion

Spells:
 Name                 Level Category     Fail Retention
 force bolt             1   attack         0%  91%-100%
 light                  1   divination     0%  76%-100%

Skills:
 Fighting Skills
   bare handed combat [Unskilled]
   riding             [Unskilled]
 Weapon Skills
   dagger             [Unskilled]
   knife              [Unskilled]
   axe                [Unskilled]
   short sword        [Unskilled]
   club               [Unskilled]
   mace               [Unskilled]
   quarterstaff       [Basic]
   polearms           [Unskilled]
   spear              [Unskilled]
   trident            [Unskilled]
   sling              [Unskilled]
   dart               [Unskilled]
   shuriken           [Unskilled]
 Spellcasting Skills
   attack spells      [Basic]
   healing spells     [Unskilled]
   divination spells  [Unskilled]
   enchantment spells [Basic]
   clerical spells    [Unskilled]
   escape spells      [Unskilled]
   matter spells      [Unskilled]

Voluntary challenges:
 Your character was rerolled 45 times.
 You went without food.
 You were an atheist.
 You never hit with a wielded weapon.
 You were a pacifist.
 You genocided 1 type of monster.
 You never polymorphed an object.
 You never changed form.
 You used no wishes.

 The Dungeons of Doom:
    Level 1: <- You were here.
       Final resting place for
          you, killed by genocidal confusion.


No creatures were vanquished.

Genocided species:
 wizards
1 species genocided.

Game over:
                       ----------
                      /          \
                     /    REST    \
                    /      IN      \
                   /     PEACE      \
                  /                  \
                  |      JPB01       |
                  |       0 Au       |
                  |    killed by     |
                  |    genocidal     |
                  |    confusion     |
                  |                  |
                  |       2026       |
                 *|     *  *  *      | *
        _________)/\\_//(\/(/\)/\//\/|_)_______

Goodbye JPB01 the Wizard...

You were genocided in The Dungeons of Doom on dungeon level 1 with 0 points,
and 0 pieces of gold, after 2 moves.
You were level 1 with a maximum of 11 hit points when you were genocided.

